 Dungeon Crawl Stone Soup version 0.31-a0-819-gf6de2f5ab6 (webtiles) character file.

Game seed: 15442118477368006148

1740871 Monkooky the Slayer (level 23, 229/229 HPs)
             Began as a Minotaur Shapeshifter on Sept 23, 2023.
             Was the Champion of Wu Jian.
             Escaped with the Orb
             ... and 3 runes on Sept 24, 2023!
             The game lasted 02:32:29 (57842 turns).

Monkooky the Slayer (Minotaur Shapeshifter)        Turns: 57842, Time: 02:32:30

Health: 229/229    AC: 42    Str: 42    XL:     23   Next: 88%
Magic:  22/22      EV: 19    Int:  7    God:    Wu Jian [******]
Gold:   446        SH:  0    Dex: 12    Spells: 22/22 levels left

rFire   + .          .
                       - Unarmed
rCold   + . .        (shield currently unavailable)
rNeg    . . .        p - +11 gold dragon scales
rPois   +            n - +2 hat {Will+}
rElec   +            b - +2 cloak
rCorr   +            N - melded +2 pair of gloves
SInv    +            z - +2 pair of boots
Will    ++...        Z - amulet of regeneration Stlth
                     e - ring "Daefut" {rElec rC+ Str+6 Slay+4 SInv}
HPRegen 1.38/turn    T - ring of Ashenzari's Reproof {rPois rC- rCorr EV+5 Str+8}
MPRegen 0.18/turn

%: no passive effects
@: blade hands
A: horns 2, retaliatory headbutt
0: Orb of Zot
}: 3/15 runes: serpentine, barnacled, silver
a: Begin Untransformation, Renounce Religion, Wall Jump, Serpent's Lash,
Heavenly Storm


You escaped.
You worshipped Wu Jian.
Wu Jian was exalted by your worship.
You had blades for hands.
You visited 9 branches of the dungeon, and saw 45 of its levels.
You also visited: Desolation.

You collected 6972 gold pieces.
You spent 6526 gold pieces at shops.

Inventory:

Missiles
 K - 9 throwing nets
Armour
 b - a +2 cloak (worn)
 n - a +2 hat of willpower (worn)
 p - +11 gold dragon scales (worn)
 z - a +2 pair of boots (worn)
 N - a +2 pair of gloves (melded)
Jewellery
 e - the ring "Daefut" (left blade hand) {rElec rC+ Str+6 Slay+4 SInv}
   (You acquired it on level 14 of the Dungeon)

   [ring of slaying]

   Str+6:     It affects your strength (+6).
   Slay+4:    It affects your accuracy & damage with ranged weapons and melee
   (+4).
   rC+:       It protects you from cold.
   rElec:     It insulates you from electricity.
   SInv:      It lets you see invisible.
 k - a +6 ring of dexterity
 q - a ring of protection from cold
 w - a ring of protection from fire
 A - the ring of Uskayaw's Whim {+Blink rCorr AC+4 Dex-2}
   (You found it in the Desolation of Salt)

   [ring of protection]

   AC+4:      It affects your AC (+4).
   Dex-2:     It affects your dexterity (-2).
   +Blink:    It lets you blink.
   rCorr:     It protects you from acid and corrosion.
 I - the ring of Geuchulou {Fire rN+++ rCorr MP-9 Stlth-}
   (You found it in the Desolation of Salt)

   [ring of fire]

   Fire:      It enhances your fire magic.
   rF+:       It protects you from fire.
   rC-:       It makes you vulnerable to cold.
   rN+++:     It renders you almost immune to negative energy.
   MP-9:      It affects your magic capacity (-9).
   rCorr:     It protects you from acid and corrosion.
   Stlth-:    It makes you less stealthy.
 M - a ring of flight
 S - a ring of protection from fire
 T - the ring of Ashenzari's Reproof (right blade hand) {rPois rC- rCorr EV+5 Str+8}
   (You bought it in a shop on level 2 of the Orcish Mines)

   [ring of evasion]

   EV+5:      It affects your evasion (+5).
   Str+8:     It affects your strength (+8).
   rC-:       It makes you vulnerable to cold.
   rPois:     It protects you from poison rCorr: It protects you from acid and
   corrosion.
 Z - an amulet of regeneration (around neck)
Talismans
 B - a blade talisman (active)
Wands
 c - a wand of digging (2)
 v - a wand of light (34)
 J - a wand of charming (38)
 O - a wand of iceblast (21)
 W - a wand of mindburst (26)
Scrolls
 g - 4 scrolls of butterflies
 l - 9 scrolls of fog
 m - 4 scrolls of silence
 o - 4 scrolls of blinking
 u - 2 scrolls of poison
 y - 3 scrolls of noise
 C - 15 scrolls of teleportation
 D - 4 scrolls of torment
 G - 8 scrolls of immolation
 L - 5 scrolls of fear
 U - 4 scrolls of vulnerability
Potions
 a - a potion of magic
 f - 28 potions of curing
 h - 2 potions of cancellation
 j - 4 potions of might
 r - 2 potions of brilliance
 t - 8 potions of heal wounds
 x - 5 potions of invisibility
 E - 3 potions of attraction
 F - 5 potions of enlightenment
 P - 5 potions of haste
 Q - 3 potions of resistance
 R - 7 potions of lignification
 V - 4 potions of berserk rage
 Y - 5 potions of mutation
Miscellaneous
 d - a lightning rod (4/4)
 s - a condenser vane
 H - a phantom mirror
 X - a phial of floods


   Skills:
 + Level 23.9 Fighting
 + Level 22.1 Armour
 + Level 16.1 Dodging
 + Level 22.6 Unarmed Combat
 - Level 10.6 Evocations
 + Level 16.7 Shapeshifting


You had 22 spell levels left.
You didn't know any spells.
Your spell library contained the following spells:

 Spells                   Type           Power      Damage    Failure   Level
 Foxfire                  Conj/Fire      0%         2x1d4     91%         1
 Freeze                   Ice            0%         1d3       91%         1
 Kiss of Death            Conj/Necr      0%         2d5       91%         1
 Magic Dart               Conj           0%         1d3       91%         1
 Sandblast                Erth           0%         2d4       91%         1
 Slow                     Hex            0%         N/A       91%         1
 Blink                    Tloc           0%         N/A       97%         2
 Call Imp                 Summ           0%         N/A       97%         2
 Cigotuvi's Dreadful Rot  Necr/Pois/Air  0%         N/A       97%         2
 Ensorcelled Hibernation  Hex/Ice        0%         N/A       97%         2
 Jinxbite                 Hex            0%         N/A       97%         2
 Lesser Beckoning         Tloc           0%         N/A       97%         2
 Momentum Strike          Conj/Tloc      0%         3d8       97%         2
 Passwall                 Tmut/Erth      0%         N/A       97%         2
 Scorch                   Fire           0%         2d5       97%         2
 Wereblood                Tmut           0%         N/A       97%         2
 Confusing Touch          Hex            0%         N/A       100%        3
 Dazzling Flash           Conj/Hex       0%         N/A       100%        3
 Frozen Ramparts          Ice            0%         1d1       100%        3
 Gell's Gravitas          Tloc           0%         N/A       100%        3
 Hailstorm                Conj/Ice       0%         3d3       100%        3
 Inner Flame              Hex/Fire       0%         N/A       100%        3
 Mephitic Cloud           Conj/Pois/Air  0%         N/A       100%        3
 Ozocubu's Armour         Ice            0%         N/A       100%        3
 Sigil of Binding         Hex            0%         N/A       100%        3
 Stone Arrow              Conj/Erth      0%         3d7       100%        3
 Swiftness                Air            0%         N/A       100%        3
 Teleport Other           Tloc           0%         N/A       100%        3
 Vampiric Draining        Necr           0%         2d6       100%        3
 Anguish                  Hex/Necr       0%         N/A       100%        4
 Animate Armour           Summ/Erth      0%         N/A       100%        4
 Animate Dead             Necr           0%         N/A       100%        4
 Brom's Barrelling Bould  Conj/Erth      0%         2d3       100%        4
 Cause Fear               Hex            0%         N/A       100%        4
 Dispel Undead            Necr           0%         3d6       100%        4
 Flame Wave               Conj/Fire      0%         2d4       100%        4
 Leda's Liquefaction      Hex/Erth       0%         N/A       100%        4
 Manifold Assault         Tloc           0%         N/A       100%        4
 Passage of Golubria      Tloc           0%         N/A       100%        4
 Petrify                  Tmut/Erth      0%         N/A       100%        4
 Sticky Flame             Conj/Fire      0%         2d3       100%        4
 Summon Ice Beast         Ice/Summ       0%         N/A       100%        4
 Vhi's Electric Charge    Tloc/Air       0%         N/A       100%        4
 Agony                    Necr           0%         N/A       100%        5
 Alistair's Intoxication  Tmut/Pois      0%         N/A       100%        5
 Arcjolt                  Conj/Air       0%         1d10      100%        5
 Borgnjor's Vile Clutch   Necr/Erth      0%         N/A       100%        5
 Fireball                 Conj/Fire      0%         3d3       100%        5
 Irradiate                Conj/Tmut      0%         3d11      100%        5
 Iskenderun's Battlesphe  Conj           0%         2d6       100%        5
 Metabolic Englaciation   Hex/Ice        0%         N/A       100%        5
 Silence                  Hex/Air        0%         N/A       100%        5
 Summon Mana Viper        Hex/Summ       0%         N/A       100%        5
 Yara's Violent Unravell  Hex/Tmut       0%         3d3       100%        5
 Conjure Ball Lightning   Conj/Air       0%         3x3d6     100%        6
 Death Channel            Necr           0%         N/A       100%        6
 Dispersal                Tloc           0%         N/A       100%        6
 Eringya's Noxious Bog    Tmut/Pois      0%         4d6       100%        6
 Plasma Beam              Fire/Air       0%         2x1d10    100%        6
 Starburst                Conj/Fire      0%         6d3       100%        6
 Summon Cactus Giant      Summ           0%         N/A       100%        6
 Enfeeble                 Hex            0%         N/A       100%        7
 Monstrous Menagerie      Summ           0%         N/A       100%        7
 Orb of Destruction       Conj           0%         9d5       100%        7
 Ozocubu's Refrigeration  Ice            0%         4d7       100%        7
 Disjunction              Tloc           0%         N/A       100%        8
 Lehudib's Crystal Spear  Conj/Erth      0%         10d2      100%        8
 Maxwell's Capacitive Co  Air            0%         ∞         100%        8
 Fire Storm               Conj/Fire      0%         5d1       100%        9


Dungeon Overview and Level Annotations

Branches:
Dungeon (15/15)            Temple (1/1) D:5            Lair (5/5) D:10
 Shoals (4/4) Lair:3        Snake (4/4) Lair:3        Slime (0/5) Lair:4
    Orc (2/2) D:11            Elf (0/3) Orc:2        Vaults (5/5) D:13
  Crypt (0/3) Vaults:2     Depths (4/4) D:15            Zot (5/5) Depths:4
Desolation (visited)

Altars:
Ashenzari
Cheibriados
Dithmenos
Elyvilon
Fedhas
Gozag
Hepliaklqana
Kikubaaqudgha
Makhleb
Nemelex Xobeh
Okawaru
Qazlal
Ru
Sif Muna
Trog
Uskayaw
Vehumet
Wu Jian
Xom
Yredelemnul
Zin
The Shining One

Shops:
D:2 (   D:6 [   D:9 (   D:14 ?(*=   Orc:2 =:[[   Shoals:2 *   Snake:1 *:(
Snake:2 =(   Snake:3 !*   Vaults:1 (*!!   Vaults:2 [   Vaults:3 *

Portals:
Hell: Depths:2 Depths:4
Abyss: Depths:3
Pandemonium: Depths:2

Annotations:
D:2 exclusion: downstairs
D:4 exclusion: upstairs
D:8 1 runed translucent door, exclusion: downstairs, ratmeat3's ghost, novice TrFi
D:11 3 runed translucent doors, GreenGuy14's ghost, journeyman MiFi
D:14 2 transporters
Lair:1 exclusion: oklob plant
Lair:3 exclusion: downstairs
Lair:4 exclusion: downstairs
Lair:5 2 runed translucent doors
Snake:1 1 runed translucent door, exclusion: downstairs, pigah's ghost, adept OpSh
Snake:2 1 runed translucent door, exclusion: downstairs, bakla's ghost, adept DsFi
Depths:3 exclusion: downstairs
Zot:5 1 exclusion


Innate Abilities, Weirdness & Mutations

You have blades for hands.
You are incapable of wielding weapons or throwing items.
You have a pair of horns on your head.
You reflexively headbutt those who attack you in melee.


Message History

The Council accepts your kill.
What level of the Dungeon? (default 1, ? - help)
There is a stone staircase leading up here.
You climb upwards.
There is a stone staircase leading down here.
An Orb Guardian comes into view.
You shred the Orb Guardian!!! Your slash misses the Orb Guardian.
The Orb Guardian is almost dead.
The Orb Guardian hits you but does no damage.
You barely miss the Orb Guardian. You headbutt the Orb Guardian!
You kill the Orb Guardian!
The Council accepts your kill.
What level of the Dungeon? (default 1, ? - help)
A rakshasa comes into view. It is wielding a +0 whip.
There is a stone staircase leading up here.
You climb upwards.
Level annotation: exclusion: downstairs
There is a stone staircase leading down here.
What level of the Dungeon? (default 1, ? - help)
There is a stone staircase leading up here.
You climb upwards.
There is a stone staircase leading down here.
You see here a +0 short sword.
A hell beast comes into view.
The hell beast bites you! The hell beast completely misses you.
You spin and attack the hell beast repeatedly.
You slice the hell beast!! Your headbutt misses the hell beast.
The hell beast is moderately wounded.
You closely miss the hell beast. You slash the hell beast!
The hell beast is heavily wounded.
The hell beast bites you but does no damage.
The hell beast misses you.
You spin and attack the hell beast repeatedly.
You shred the hell beast!!!
You kill the hell beast!
The Council accepts your kill.
Unknown command.
A great orb of eyes comes into view.
There is a staircase leading out of the dungeon here.
You have escaped!

##### #
#.#.######
#.#.......
#.#.######
#.#.# #
#.#.#### #
###########
#...)..###
#(........#
#......##.
#.⌠..@..⌠.#
#.......'.
#.........#
#.#.##.##.
####...####
#......#..
#(..#
#.#.##.#..
####...####
#.#.##.#..
#.........#
#.#.##.##.
#.........#
#.........
#....G....#
#....#.#..
####...####
#.........


You could see a great orb of eyes.

Vanquished Creatures
  A dread lich (Vaults:5)
  4 ancient liches
  Mara (Snake:3)
  3 juggernauts
  Boris (Vaults:5)
  Saint Roka (Orc:1)
  Vashnia (Snake:3)
  A caustic shrike (Depths:3)
  2 curse toes
  5 golden dragons
  Norris (Depths:3)
  6 bone dragons
  Nikola (Snake:2)
  The ghost of Fotooss the Impregnable, an adept MiDe of Makhleb (Vaults:1)
  A hellephant (Depths:1)
  Jorgrun (D:12)
  6 tentacled monstrosities
  Mlioglotl (Snake:2)
  Rupert (D:12)
  3 liches
  3 Orb Guardians
  10 titans
  An acid blob (shapeshifter) (Vaults:5)
  4 quicksilver dragons
  Gastronok (D:9)
  3 sphinxes
  Polyphemus (Shoals:3)
  9 shadow dragons
  Kirke (Lair:4)
  8 tengu reavers
  4 storm dragons
  Aizul (Snake:3)
  Donald (Vaults:3)
  2 death cobs
  2 draconian monks (Zot:2)
  4 draconian knights
  6 nagarajas
  11 vault wardens
  7 frost giants
  8 fire giants
  An iron dragon (Depths:3)
  2 deep elf sorcerers (Vaults:5)
  3 draconian shifters
  2 imperial myrmidons (Desolation)
  An angel (Shoals:4)
  Louise (D:14)
  2 orc warlords
  2 curse skulls (Zot:1)
  A draconian stormcaller (Depths:4)
  4 draconian annihilators
  11 stone giants
  5 war gargoyles
  15 ironbound preservers
  2 spriggan defenders (Depths:4)
  2 formless jellyfish (Vaults:3)
  7 ironbound thunderhulks
  A yellow draconian (Zot:4)
  18 very ugly things
  2 green draconians (Zot:1)
  A vampire knight (Depths:3)
  5 deep elf annihilators (Vaults:5)
  An apis (Shoals:4)
  Azrael (D:14)
  A black draconian (Depths:4)
  13 dire elephants
  2 spark wasps (Depths:4)
  6 white draconians
  2 purple draconians
  2 red draconians
  8 ettins
  5 crystal guardians
  A fire dragon (shapeshifter) (Vaults:5)
  6 merfolk javelineers
  8 fire dragons
  17 merfolk impalers
  4 ragged hierophants (Desolation)
  5 deep elf high priests
  4 deep elf death magi (Vaults:5)
  14 yaktaur captains
  2 entropy weavers
  7 great orbs of eyes
  Harold (Orc:1)
  9 ice dragons
  6 hydras
  28 vault guards
  12 centaur warriors
  3 salamander tyrants (Snake:4)
  A hell beast (D:1)
  10 servants of whispers (Desolation)
  9 ironbound frosthearts
  13 peacekeepers
  2 spriggan air magi (Depths:4)
  2 merfolk aquamancers (Shoals:4)
  2 rakshasas (Depths:3)
  2 alligator snapping turtles
  A catoblepas (Shoals:3)
  4 boulder beetles
  A sphinx zombie (Depths:3)
  8 anacondas
  3 merfolk avatars
  A deep troll shaman (Depths:1)
  2 satyrs
  10 two-headed ogres
  A deep troll earth mage (Depths:1)
  17 naga warriors
  3 death yaks (Shoals:3)
  3 spriggan berserkers
  9 tengu warriors
  3 orc high priests (Orc:2)
  9 shock serpents
  8 hell knights
  14 naga sharpshooters
  A holy swine (Shoals:4)
  7 skysharks
  A deep elf knight (Vaults:5)
  Nergalle (Lair:2)
  Sonja (Lair:4)
  A shadow wraith (Vaults:3)
  4 salamander mystics (Snake:4)
  9 skeletal warriors (D:13)
  The ghost of Age the Thrower, a novice MiFi of Gozag (D:7)
  An iron troll (Depths:1)
  2 cherubim (Shoals:4)
  A titan skeleton (Depths:3)
  3 glowing orange brains (Zot:1)
  A golden dragon zombie (Depths:3)
  A flayed ghost (Depths:3)
  A swamp dragon (shapeshifter) (Depths:2)
  12 sea snakes
  21 deep trolls
  19 ironbound convokers
  15 lindwurms
  5 naga ritualists
  A deep elf archer (Vaults:5)
  3 wizards
  7 phantasmal warriors (Vaults:5)
  13 orc knights
  A shadow dragon zombie (Depths:3)
  A deep elf pyromancer (D:15)
  18 harpies
  3 oklob plants (Lair:5)
  2 necromancers
  21 ugly things
  11 manticores
  7 mana vipers
  4 shining eyes (Zot:1)
  6 orc sorcerers
  3 cyclopes
  A moth of wrath (shapeshifter) (Depths:3)
  4 moths of wrath
  15 fauns
  44 black mambas
  2 ice statues (D:7)
  8 merfolk sirens
  13 salamanders
  5 elephants (Lair:4)
  Maurice (D:10)
  15 naga magi
  A rust devil (D:7)
  7 water nymphs
  4 guardian serpents (Desolation)
  11 vault sentinels
  2 torpor snails (Lair:3)
  A gargoyle (D:13)
  Joseph (D:9)
  4 molten gargoyles
  8 cane toads
  2 unseen horrors (D:11)
  Maggie (D:9)
  A rime drake (Lair:4)
  3 freezing wraiths
  A kobold demonologist (D:13)
  A tormentor (Zot:5)
  26 yaktaurs
  19 komodo dragons
  4 tengu conjurers
  32 merfolk
  5 trolls
  3 hornets
  2 polar bears
  A shadow dragon simulacrum (Depths:3)
  A hornet (shapeshifter) (Vaults:5)
  Grinder (D:6)
  5 wind drakes
  A snapping turtle (shapeshifter) (Vaults:5)
  Prince Ribbit (D:6)
  12 dream sheep
  66 saltlings (Desolation)
  11 blink frogs
  12 snapping turtles
  11 slime creatures
  Sigmund (D:4)
  3 water elementals
  2 wraiths
  79 yaks
  3 spriggans
  A vampire (D:11)
  4 hogs (Lair:4)
  A yak (shapeshifter) (Vaults:5)
  7 wyverns
  A fire elemental (D:14)
  A neqoxec (D:4)
  3 basilisks
  3 fire bats (Lair:2)
  6 steam dragons
  7 vampire mosquitoes
  Edmund (D:4)
  46 nagas
  2 wargs
  2 acid dragons
  Menkaure (D:6)
  22 water moccasins
  6 hell hounds
  6 floating eyes
  A floating eye (shapeshifter) (Vaults:5)
  24 orc warriors
  A sky beast (D:8)
  3 ice beasts
  Pargi (D:3)
  9 ogres
  A black bear (Lair:3)
  7 wolves
  16 centaurs
  A phantom (D:5)
  3 kobold brigands
  3 gnoll sergeants
  11 bullfrogs
  5 scorpions
  8 wights
  4 howler monkeys
  8 electric eels (D:10)
  6 lava snakes
  3 bullfrog zombies (D:6)
  4 centaur zombies (D:6)
  3 crimson imps (D:6)
  17 orc priests
  4 hounds
  A jelly (shapeshifter) (Vaults:5)
  A jelly (D:6)
  Crazy Yiuf (D:3)
  A gnoll bouda (D:8)
  4 iguanas
  Natasha (twice) (D:3)
  22 orc wizards
  7 hell rats (Lair:2)
  17 gnolls
  5 adders
  A shadow imp (D:7)
  6 white imps
  3 ufetubi
  A worm (D:2)
  A dart slug (D:3)
  82 orcs
  3 ball pythons (D:1)
  5 endoplasms
  3 giant cockroaches (D:2)
  3 goblins
  6 hobgoblins
  12 jackals
  3 quokkas
  6 bats
  A frilled lizard (D:2)
  24 kobolds
  2 rats (D:1)
  3 butterflies (Lair:4)
1678 creatures vanquished.

Vanquished Creatures (others)
  A faun (shapeshifter) (Vaults:5)
  A fire elemental (D:14)
  A human (Lair:4)
  A naga (Snake:2)
4 creatures vanquished.

Grand Total: 1682 creatures vanquished

Notes
Turn   | Place    | Note
-------+----------+-------------------------------------------
     0 | D:1      | Monkooky the Minotaur Shapeshifter began the quest for the
                  | Orb.
     0 | D:1      | Reached XP level 1. HP: 16/16 MP: 0/0
   489 | D:1      | Reached skill level 2 in Fighting
   490 | D:1      | Reached XP level 2. HP: 17/24 MP: 1/1
  1037 | D:2      | Found Kaykex's Antique Weapon Shop.
  1142 | D:2      | Reached XP level 3. HP: 15/30 MP: 2/2
  1773 | D:3      | Noticed Pargi
  2019 | D:3      | Noticed Natasha
  2023 | D:3      | Reached skill level 3 in Fighting
  2023 | D:3      | Killed Natasha
  2081 | D:3      | Reached XP level 4. HP: 38/38 MP: 3/3
  2248 | D:3      | Found a runed translucent door.
  2249 | D:3      | Noticed Crazy Yiuf
  2466 | D:4      | Noticed Sigmund
  2481 | D:4      | Killed Sigmund
  2482 | D:4      | Reached skill level 4 in Fighting
  2482 | D:4      | Reached skill level 5 in Unarmed Combat
  2482 | D:4      | Reached XP level 5. HP: 37/47 MP: 4/4
  2483 | D:4      | Reached skill level 5 in Fighting
  3022 | D:4      | Noticed Edmund
  3049 | D:4      | Killed Edmund
  3050 | D:4      | Reached XP level 6. HP: 18/57 MP: 5/5
  3331 | D:3      | Noticed Natasha
  3336 | D:3      | Killed Natasha
  3615 | D:3      | Killed Pargi
  3616 | D:3      | Reached skill level 6 in Fighting
  3656 | D:3      | Killed Crazy Yiuf
  3657 | D:3      | Reached XP level 7. HP: 64/64 MP: 6/6
  4259 | D:5      | Entered Level 5 of the Dungeon
  4311 | D:5      | Found a staircase to the Ecumenical Temple.
  4317 | Temple   | Entered the Ecumenical Temple
  4330 | Temple   | Became a worshipper of the Wu Jian Council
  4393 | D:5      | Reached skill level 7 in Fighting
  4410 | D:5      | Found an opulent altar of Gozag.
  4412 | D:5      | Found a stormy altar of Qazlal.
  4999 | D:5      | Reached XP level 8. HP: 74/74 MP: 7/7
  5239 | D:5      | Reached skill level 8 in Fighting
  5535 | D:6      | Reached * piety under Wu Jian
  5544 | D:6      | Found a basalt altar of Yredelemnul.
  5624 | D:6      | Reached skill level 9 in Fighting
  5703 | D:6      | Noticed Menkaure
  5707 | D:6      | Killed Menkaure
  6081 | D:6      | Noticed Prince Ribbit
  6100 | D:6      | Killed Prince Ribbit
  6101 | D:6      | Reached skill level 10 in Fighting
  6101 | D:6      | Reached XP level 9. HP: 65/85 MP: 8/8
  6114 | D:6      | Reached skill level 10 in Unarmed Combat
  6381 | D:6      | Reached ** piety under Wu Jian
  6395 | D:6      | Found a shadowy altar of Dithmenos.
  6465 | D:6      | Found Woapn's Armour Emporium.
  6542 | D:6      | Noticed Grinder
  6543 | D:6      | Paralysed by Grinder for 3 turns
  6559 | D:6      | Paralysed by Grinder for 3 turns
  6563 | D:6      | Killed Grinder
  6635 | D:6      | Found a shimmering altar of Xom.
  6750 | D:7      | Noticed an ice statue
  6750 | D:7      | Noticed Age's ghost (novice MiFi)
  6752 | D:7      | Noticed a two-headed ogre
  6756 | D:7      | Noticed an ice statue
  6762 | D:7      | Found a transporter.
  6866 | D:7      | Found a glowing silver altar of Zin.
  6916 | D:7      | Reached skill level 11 in Fighting
  7087 | D:7      | Found a transporter.
  7141 | D:7      | Reached *** piety under Wu Jian
  7640 | D:8      | Found a runed translucent door.
  7706 | D:8      | Reached skill level 12 in Fighting
  7954 | D:8      | Reached XP level 10. HP: 73/96 MP: 9/9
  8269 | D:8      | Noticed ratmeat3's ghost (novice TrFi)
  8766 | D:9      | Found Vugal's Antique Weapon Boutique.
  8773 | D:8      | Reached skill level 1 in Armour
  8836 | D:9      | Noticed a two-headed ogre
  8841 | D:9      | Killed a two-headed ogre
  9123 | D:9      | Reached skill level 5 in Armour
  9150 | D:9      | Reached **** piety under Wu Jian
  9258 | D:9      | Paralysed by a hornet for 1 turns
  9876 | D:9      | Noticed Maggie
  9885 | D:9      | Reached XP level 11. HP: 75/105 MP: 10/10
  9895 | D:9      | Killed Maggie
  9929 | D:9      | Found an iron altar of Okawaru.
 10188 | D:9      | Noticed Joseph
 10212 | D:9      | Killed Joseph
 10212 | D:9      | Reached ***** piety under Wu Jian
 10433 | D:9      | Noticed Gastronok
 10458 | D:10     | Entered Level 10 of the Dungeon
 10919 | D:10     | Found a staircase to the Lair.
 10931 | D:10     | Noticed a white ugly thing
 10942 | D:10     | Killed a white ugly thing
 10943 | D:10     | Reached skill level 1 in Evocations
 11158 | D:10     | Noticed a two-headed ogre
 11165 | D:10     | Killed a two-headed ogre
 11934 | D:10     | Noticed Maurice
 12207 | D:10     | Killed Maurice
 12555 | D:10     | Found a hide-covered altar of Uskayaw.
 12647 | Lair:1   | Entered Level 1 of the Lair of Beasts
 12665 | Lair:1   | Noticed an oklob plant
 12906 | Lair:1   | Reached skill level 13 in Fighting
 13102 | Lair:1   | Reached skill level 15 in Unarmed Combat
 13832 | Lair:2   | Noticed Nergalle
 13845 | Lair:2   | Killed Nergalle
 13846 | Lair:2   | Reached XP level 12. HP: 107/116 MP: 11/11
 13875 | Lair:2   | Reached skill level 14 in Fighting
 14132 | Lair:2   | Reached skill level 15 in Fighting
 14693 | Lair:2   | Reached ****** piety under Wu Jian
 14976 | D:11     | Noticed GreenGuy14's ghost (journeyman MiFi)
 14977 | D:11     | Noticed a minotaur
 15186 | D:11     | Found a runed translucent gate.
 15186 | D:11     | Found a runed translucent gate.
 15188 | D:11     | Found a runed translucent gate.
 15199 | D:11     | You are sucked into a shaft and drop 2 floors!
 15214 | D:13     | Noticed a boulder beetle
 15574 | D:12     | Noticed Jorgrun
 15615 | D:12     | Killed Jorgrun
 15616 | D:12     | Reached skill level 16 in Fighting
 15895 | D:12     | Noticed Rupert
 16320 | D:11     | Noticed a boulder beetle
 16333 | D:11     | Killed a boulder beetle
 16509 | D:11     | Noticed a two-headed ogre
 16523 | D:11     | Killed a two-headed ogre
 16730 | D:11     | Found a staircase to the Orcish Mines.
 16821 | D:11     | Noticed a two-headed ogre
 16825 | D:11     | Killed a two-headed ogre
 16826 | D:11     | Reached XP level 13. HP: 111/130 MP: 12/12
 16962 | D:11     | Reached skill level 17 in Fighting
 17114 | Orc:1    | Entered Level 1 of the Orcish Mines
 17114 | Orc:1    | Noticed Harold
 17125 | Orc:1    | Killed Harold
 17293 | Orc:2    | Entered Level 2 of the Orcish Mines
 17324 | Orc:2    | Noticed Saint Roka
 17889 | Lair:3   | Found a staircase to the Shoals.
 18243 | Lair:3   | Reached skill level 5 in Shapeshifting
 19036 | Lair:3   | Found a staircase to the Snake Pit.
 19868 | Lair:4   | Identified the +0 leather armour of Experimentation {Will++
                  | Regen+}
 19872 | Lair:4   | Noticed Kirke
 19929 | Lair:4   | Killed Kirke
 20014 | Lair:4   | Found a staircase to the Slime Pits.
 20250 | Lair:4   | Noticed Sonja
 20263 | Lair:4   | Killed Sonja
 20873 | Lair:5   | Entered Level 5 of the Lair of Beasts
 20913 | Lair:4   | Reached XP level 14. HP: 114/140 MP: 13/13
 21765 | D:6      | Bought the +9 plate armour "Lyshrau" {rPois} for 1029 gold
                  | pieces
 21960 | D:9      | Killed Gastronok
 22249 | Lair:5   | Reached skill level 10 in Shapeshifting
 22945 | Lair:5   | Found a large runed translucent door.
 22945 | Lair:5   | Found a large runed translucent door.
 24666 | Orc:2    | Found a staircase to the Elven Halls.
 25707 | Orc:2    | Found Oteg Luo's Antique Armour Shop.
 25707 | Orc:2    | Found Dutixkeu's Jewellery Emporium.
 25713 | Orc:2    | Found Jedu's Book Emporium.
 25713 | Orc:2    | Found Zozepn's Armour Shop.
 25724 | Orc:2    | Bought a pair of glowing boots for 180 gold pieces
 26202 | Orc:1    | Killed Saint Roka
 26537 | D:12     | Killed Rupert
 27011 | D:13     | Found an opulent altar of Gozag.
 27086 | D:13     | Reached XP level 15. HP: 56/147 MP: 14/14
 27088 | D:13     | Reached XP level 16. HP: 60/155 MP: 15/15
 27937 | D:13     | Identified the +2 spear of the Blue Skies {vamp, rN+}
 28058 | D:13     | Found a gate to the Vaults.
 28486 | D:14     | Noticed Azrael
 28486 | D:14     | Found Rago's Weapon Shop.
 28489 | D:14     | Killed Azrael
 28810 | Snake:1  | Entered Level 1 of the Snake Pit
 28936 | Snake:1  | Reached skill level 5 in Dodging
 29261 | Snake:1  | Reached skill level 10 in Armour
 29405 | Snake:1  | Found a runed translucent door.
 29410 | Snake:1  | Noticed pigah's ghost (adept OpSh)
 29564 | Snake:1  | Found Runiy's Assorted Antiques.
 29819 | Snake:1  | Found Viss's Magic Scroll Shoppe.
 29830 | Snake:1  | Bought a scroll of identify for 22 gold pieces
 29830 | Snake:1  | Bought a scroll of identify for 22 gold pieces
 29878 | Snake:1  | Found Suenosm's Book Boutique.
 29917 | Snake:1  | Found Birimaxt's Antique Weapon Shoppe.
 30542 | Snake:2  | Found Gaisucam's Weapon Shop.
 30542 | Snake:2  | Found Dajiur's Jewellery Boutique.
 30821 | Snake:2  | Noticed Nikola
 30833 | Snake:2  | Killed Nikola
 31083 | Snake:2  | Noticed Mlioglotl
 31094 | Snake:2  | Killed Mlioglotl
 31317 | Snake:2  | You are sucked into a shaft and drop 1 floor!
 31318 | Snake:3  | Noticed Vashnia
 31946 | Snake:2  | Found a runed translucent door.
 32098 | Snake:2  | Noticed bakla's ghost (adept DsFi)
 32124 | Snake:3  | Noticed Aizul
 32701 | Snake:3  | Killed Aizul
 32702 | Snake:3  | Reached XP level 17. HP: 123/162 MP: 16/16
 32924 | Snake:3  | Found Cyegegof's Distillery.
 32932 | Snake:3  | Found Rutte's Assorted Antiques.
 33093 | Snake:3  | Noticed Mara
 33143 | Snake:3  | Killed Vashnia
 33570 | Snake:3  | Noticed Monkooky's illusion
 33580 | Snake:3  | Killed Mara
 34025 | Snake:3  | Reached skill level 18 in Fighting
 34236 | Shoals:1 | Entered Level 1 of the Shoals
 35030 | Shoals:1 | Reached skill level 5 in Evocations
 35533 | Orc:2    | Bought the ring of Ashenzari's Reproof {rPois rC- rCorr
                  | EV+5 Str+8} for 939 gold pieces
 35800 | Snake:4  | Entered Level 4 of the Snake Pit
 37039 | Snake:4  | Reached XP level 18. HP: 35/173 MP: 17/17
 37648 | Snake:4  | Got a serpentine rune of Zot
 37915 | D:14     | Found Meet's Jewellery Boutique.
 37999 | D:14     | Found a sacrificial altar of Ru.
 38187 | D:14     | Found Gadauk's Magic Scroll Emporium.
 38237 | D:14     | Found a transporter.
 38239 | D:14     | Found Fenagh's Assorted Antiques.
 38316 | D:14     | Noticed Louise
 38327 | D:14     | Killed Louise
 38390 | D:14     | Found a transporter.
 39018 | Shoals:2 | Found Budyunet's Overcharged Wands.
 39769 | Shoals:3 | Noticed Polyphemus
 39775 | Shoals:3 | Killed Polyphemus
 39781 | Shoals:3 | Reached skill level 19 in Fighting
 40650 | Shoals:4 | Entered Level 4 of the Shoals
 40920 | Shoals:4 | Reached skill level 15 in Armour
 40971 | Shoals:4 | Found a glowing silver altar of Zin.
 41329 | Shoals:4 | Found a glowing golden altar of the Shining One.
 41364 | Shoals:4 | Got a barnacled rune of Zot
 41503 | Shoals:4 | Reached XP level 19. HP: 157/183 MP: 18/18
 41548 | Shoals:4 | Found a white marble altar of Elyvilon.
 41888 | D:15     | Entered Level 15 of the Dungeon
 42441 | D:15     | Found a staircase to the Depths.
 42701 | Vaults:1 | Entered Level 1 of the Vaults
 42957 | Vaults:1 | Found Firph's Distillery.
 43008 | Vaults:1 | Reached skill level 20 in Fighting
 43835 | Vaults:1 | Found Eczihifi's Distillery.
 43835 | Vaults:1 | Found Puett's Weapon Shop.
 43870 | Vaults:1 | Reached skill level 10 in Dodging
 43939 | Vaults:1 | Found Cyloar's General Store.
 43969 | Vaults:1 | Found a runed translucent door.
 43969 | Vaults:1 | Noticed Fotooss's ghost (adept MiDe)
 44377 | Vaults:2 | Found Boalav's Armour Emporium.
 44400 | Vaults:2 | Found a crumbling gateway.
 44412 | Desolati | Entered the Desolation of Salt
 45662 | Desolati | Identified the ring of Geuchulou {Fire rN+++ rCorr MP-9
                  | Stlth-}
 45755 | Desolati | Reached XP level 20. HP: 195/195 MP: 19/19
 45830 | Desolati | Got an illuminated book
 45864 | Desolati | Identified the amulet "Situk" {Spirit Harm rF+}
 45875 | Desolati | Got a rare book
 45942 | Desolati | Identified the ring of Uskayaw's Whim {+Blink rCorr AC+4
                  | Dex-2}
 46531 | Vaults:2 | Reached skill level 10 in Evocations
 46913 | Vaults:2 | Noticed a bone dragon
 46919 | Vaults:2 | Killed a bone dragon
 46920 | Vaults:2 | Found a staircase to the Crypt.
 47269 | Vaults:3 | Noticed Donald
 47279 | Vaults:3 | Killed Donald
 47333 | Vaults:3 | Paralysed by a formless jellyfish for 1 turns
 47744 | Vaults:3 | Reached skill level 21 in Fighting
 48028 | Vaults:3 | Found Mabo's General Store.
 48755 | Vaults:4 | Identified the +1 war axe of Ad Valorem {drain, *Rage Dex+5
                  | SInv}
 48792 | Vaults:4 | Identified the +0 flail of Ignis's Esteem {freeze, +Blink
                  | MP+9}
 49048 | D:14     | Bought 2 scrolls of acquirement for 1456 gold pieces
 49048 | D:14     | Acquired 928 gold pieces
 49049 | D:14     | Acquired the ring "Daefut" {rElec rC+ Str+6 Slay+4 SInv}
 49338 | Snake:3  | Bought a potion of cancellation for 120 gold pieces
 49338 | Snake:3  | Bought a potion of magic for 120 gold pieces
 49349 | Snake:3  | Bought a potion of heal wounds for 75 gold pieces
 49349 | Snake:3  | Bought a potion of might for 60 gold pieces
 49349 | Snake:3  | Bought a potion of resistance for 150 gold pieces
 49349 | Snake:3  | Bought a potion of heal wounds for 75 gold pieces
 49437 | Snake:1  | Bought a scroll of fog for 44 gold pieces
 49437 | Snake:1  | Bought a scroll of fear for 44 gold pieces
 49437 | Snake:1  | Bought a scroll of poison for 44 gold pieces
 49437 | Snake:1  | Bought a scroll of butterflies for 44 gold pieces
 49437 | Snake:1  | Bought a scroll of enchant armour for 82 gold pieces
 49986 | Vaults:4 | Reached XP level 21. HP: 196/204 MP: 20/20
 50284 | Vaults:5 | Entered Level 5 of the Vaults
 50316 | Vaults:5 | Reached skill level 15 in Shapeshifting
 50655 | Vaults:5 | Identified the +3 war axe of Iconoclasm {freeze, rN+ Dex+2}
 50753 | Vaults:5 | Noticed an ancient lich
 50753 | Vaults:5 | Noticed an ancient lich
 50763 | Vaults:5 | Killed an ancient lich
 50770 | Vaults:5 | Killed an ancient lich
 50881 | Vaults:5 | Noticed a dread lich
 50891 | Vaults:5 | Killed a dread lich
 50998 | Vaults:5 | Reached skill level 22 in Fighting
 51097 | Vaults:5 | Noticed an ancient lich
 51102 | Vaults:5 | Killed an ancient lich
 51248 | Vaults:5 | Reached XP level 22. HP: 109/215 MP: 21/21
 51470 | Vaults:5 | Identified the amulet of the Forgotten Nights {RegenMP
                  | rPois rC+ Stlth+}
 51676 | Vaults:5 | Noticed Boris
 51681 | Vaults:5 | Killed Boris
 51696 | Vaults:5 | Got a silver rune of Zot
 52027 | Vaults:5 | Noticed a caustic shrike
 52027 | Vaults:5 | a caustic shrike changed into an acid blob
 52073 | Vaults:5 | Identified the +9 glaive of Truth {flame, Dex+2}
 52073 | Vaults:5 | Identified the amulet "Amoal" {Acrobat rC+ rCorr}
 52140 | Vaults:5 | Identified the +6 great mace of the Sheltering Priest
                  | {spect, Int+2}
 52163 | Vaults:5 | Got a well-preserved book
 52185 | Vaults:5 | Identified the +2 long sword of the Telling Gnat {vamp,
                  | rPois Int+3}
 52220 | Vaults:5 | Identified the +0 chain mail "Oxuiwn Akkuu" {Int+2}
 52224 | Vaults:5 | Identified the +7 dagger of Brutal Revenge {venom, rC+
                  | rN+++}
 52490 | Depths:1 | Entered Level 1 of the Depths
 52752 | Snake:3  | Bought a scroll of teleportation for 93 gold pieces
 52752 | Snake:3  | Bought a scroll of blinking for 232 gold pieces
 53000 | D:14     | Bought a scroll of immolation for 56 gold pieces
 53000 | D:14     | Bought a scroll of teleportation for 42 gold pieces
 53000 | D:14     | Bought a scroll of teleportation for 42 gold pieces
 53000 | D:14     | Bought a scroll of fear for 56 gold pieces
 53000 | D:14     | Bought a scroll of teleportation for 42 gold pieces
 53156 | Vaults:1 | Killed Fotooss's ghost
 53186 | Vaults:1 | Bought a potion of curing for 48 gold pieces
 53186 | Vaults:1 | Bought a scroll of immolation for 64 gold pieces
 53186 | Vaults:1 | Bought a scroll of revelation for 120 gold pieces
 53186 | Vaults:1 | Bought a potion of might for 64 gold pieces
 53271 | Vaults:1 | Bought a potion of curing for 39 gold pieces
 53271 | Vaults:1 | Bought a potion of might for 52 gold pieces
 53271 | Vaults:1 | Bought a potion of curing for 39 gold pieces
 53271 | Vaults:1 | Bought a potion of heal wounds for 65 gold pieces
 53271 | Vaults:1 | Bought a potion of curing for 39 gold pieces
 53271 | Vaults:1 | Bought a potion of invisibility for 104 gold pieces
 53466 | Snake:1  | Bought a potion of heal wounds for 195 gold pieces
 53466 | Snake:1  | Bought a scroll of enchant armour for 292 gold pieces
 53689 | D:7      | Killed Age's ghost
 54003 | Vaults:3 | Bought a scroll of butterflies for 64 gold pieces
 54111 | Vaults:1 | Bought a potion of invisibility for 136 gold pieces
 54111 | Vaults:1 | Bought a potion of curing for 51 gold pieces
 54111 | Vaults:1 | Bought a potion of berserk rage for 85 gold pieces
 54653 | Depths:2 | Found a gateway to Hell.
 54964 | Depths:2 | Found a one-way gate leading to the halls of Pandemonium.
 55474 | Depths:3 | Noticed Norris
 55481 | Depths:3 | Killed Norris
 55495 | Depths:3 | Noticed a golden dragon
 55501 | Depths:3 | Killed a golden dragon
 55505 | Depths:3 | Found a one-way gate to the infinite horrors of the Abyss.
 55521 | Depths:3 | Noticed a caustic shrike
 55523 | Depths:3 | Noticed a golden dragon
 55523 | Depths:3 | Noticed a juggernaut
 55525 | Depths:3 | Reached skill level 23 in Fighting
 55529 | Depths:3 | Killed a caustic shrike
 55532 | Depths:3 | Killed a golden dragon
 55536 | Depths:3 | Killed a juggernaut
 55658 | Depths:3 | Got a sparkling book
 55727 | Depths:3 | Paralysed by a floating eye for 2 turns
 55753 | Depths:3 | Reached XP level 23. HP: 206/226 MP: 22/22
 55771 | Depths:4 | Entered Level 4 of the Depths
 55823 | Depths:4 | Reached skill level 15 in Dodging
 55830 | Depths:4 | Noticed a juggernaut
 55942 | Depths:3 | Noticed a juggernaut
 55946 | Depths:3 | Killed a juggernaut
 56004 | Depths:4 | Killed a juggernaut
 56331 | Depths:4 | Found a gate to the Realm of Zot.
 56336 | Zot:1    | Entered Level 1 of the Realm of Zot
 56407 | Zot:1    | Noticed a curse toe
 56572 | Zot:1    | Killed a curse toe
 56577 | Zot:1    | Paralysed by a floating eye for 2 turns
 56900 | Zot:3    | Noticed a curse toe
 56912 | Zot:3    | Killed a curse toe
 56978 | Zot:5    | Entered Level 5 of the Realm of Zot
 57056 | Zot:5    | Identified the +1 leather armour "Kimno" {Harm rN+}
 57221 | Zot:5    | Noticed an ancient lich
 57223 | Zot:5    | Killed an ancient lich
 57224 | Zot:5    | Noticed a Killer Klown
 57225 | Zot:5    | Noticed an orb of fire
 57225 | Zot:5    | Noticed a dread lich
 57225 | Zot:5    | Noticed a Killer Klown
 57225 | Zot:5    | Noticed a Killer Klown
 57228 | Zot:5    | Got the Orb of Zot
 57264 | Zot:5    | Noticed Saeg the pandemonium lord
 57677 | D:6      | Noticed Zugremi the pandemonium lord
 57842 | D:$      | Escaped with the Orb!

Illustrated notes

Levels and vault maps discovered:
D:1:      minmay_arrival_hallway, layout_basic
D:2:      layout_basic, serial_shops, shop
D:3:      layout_basic, minivault_23, moated_statue, uniq_natasha, uniq_pargi,
          uniq_crazy_yiuf_cottage
D:4:      layout_layer_cave, uniq_edmund, uniq_sigmund
D:5:      layout_loops_ring, grunt_temple_overflow_open,
          minmay_temple_entry_fiery, minmay_circle_x
D:6:      minmay_angry_zag, layout_basic, led_xom_imps,
          nicolae_yredelemnul_corpse_copse, nicolae_overflow_crystal_walls,
          serial_shops, nicolae_shop_crystal, st_stairs_5, patterned_corridor,
          uniq_grinder, uniq_prince_ribbit1, uniq_menkaure
D:7:      layout_basic, mainiacjoe_overflow_24_doors, nzn_ghost_randoct
D:8:      layout_cave_pods, hellmonk_ghost_big_iron, amcnicky_mini_pool_small
D:9:      layout_basic, okawaru_ov_weapons_minmay, special_room
          [special_room_orc], serial_shops, nicolae_stop_n_shop_2,
          uniq_gastronok, uniq_joseph, uniq_maggie
D:10:     layout_basic, nicolae_uskayaw_dance_studio, erik_lair_island,
          kennysheep_generic_room_12, uniq_maurice
D:11:     layout_layer_cave, orc_0_dummy, maelrawn_ghost_gauntlet_escape,
          minmay_misc_feat_four_crosses
D:12:     layout_big_octagon, uniq_rupert, uniq_jorgrun
D:13:     minmay_clustersquares, layout_basic, hellmonk_vaults_order_and_chaos,
          nicolae_gozag_seed_capital
D:14:     layout_cave_pods, nicolae_ru_awakened_eye, serial_shops,
          nicolae_shop_statue_plus, nicolae_shop_drivethru, shop,
          nicolae_shop_trees, uniq_azrael, uniq_louise
D:15:     grunt_enter_depths_hoard, layout_irregular_city,
          minmay_misc_feat_enclosed
Temple:   nicolae_temple_ecumenical_triangle
Lair:1:   layout_chaotic_city, grunt_megastairs_5, serial_bayou_shore_a,
          serial_bayou_shore_b
Lair:2:   layout_gridlike, infiniplex_staircase_pool, uniq_nergalle
Lair:3:   layout_long_grid, minmay_shoals_entry_centaurs,
          alex1729_snake_entry_snake, grunt_forest_stairs_clearing,
          lemuel_fruit_tree
Lair:4:   layout_roguey, slime_entry_1, infiniplex_staircase_pool_2,
          grunt_megastairs_2, lemuel_fruit_fields, lemuel_fruit_fields,
          serial_bayou_shore_b, uniq_kirke, uniq_sonja
Lair:5:   cheibrodos_lair_end_hotspot, layout_gridlike, serial_bayou_ford_a,
          disabler_island
Shoals:1: layout_shoals
Shoals:2: layout_shoals, nicolae_shop_overcharged_wands
Shoals:3: dreamdust_from_the_deep, layout_shoals, uniq_polyphemus
Shoals:4: shoals_end_hellmonk_holy_island
Snake:1:  layout_chambers, ebering_ghost_inner_flame, serial_shops, shop,
          shop_fountains, nicolae_shop_gibbet_a_chance, shop, grunt_megastairs_4
Snake:2:  layout_gridlike, ebering_ghost_reflecting_pool, serial_bayou_shore_b,
          minmay_shoptagon, uniq_nikola, uniq_mlioglotl
Snake:3:  layout_grid_maze, minmay_shop_star, uniq_aizul, uniq_vashnia,
          uniq_mara
Snake:4:  minmay_snake_end_coiled, layout_basic
Orc:1:    layout_caves, uniq_harold
Orc:2:    grunt_orc_tribal_feast, layout_caves, minmay_orc_barracks,
          uniq_saint_roka
Vaults:1: hellmonk_ghost_happy_afterlife, nicolae_vaults_asterisk,
          grunt_vaults_bifocal, nicolae_vaults_yaktaur_gun_rack,
          vaults_room_pool, nicolae_vaults_windows_and_doors_thing,
          hangedman_vaults_hard_town_square, v_alt_pattern_6, vaults_room_pools,
          ontoclasm_vaults_shuriken, vaults_room_grunt_arrival_ludios,
          nicolae_vaults_trapezoid_lopsided_2, layout_vaults_omnigrid,
          serial_shops, shop
Vaults:2: portal_desolation_entry_ruin, minmay_crypt_entry_nasty_monster,
          ontoclasm_vaults_bender, nicolae_vaults_tetromino_L_1,
          vaults_mumra_chevron_long, hangedman_vaults_pinch,
          nicolae_vaults_ellipses_ellipsis, v_misc_24,
          nicolae_vaults_tetromino_T_1, nicolae_vaults_six-pack,
          vaults_room_stairs_pillars, vaults_room_grid,
          nicolae_vaults_tangram_2, layout_vaults_omnibox, serial_shops,
          nicolae_shop_tiny_real_fake_doors, uniq_margery
Vaults:3: v_misc_2, hangedman_vaults_stitches, st_cross,
          ontoclasm_vaults_decontamination, nicolae_vaults_big_ls,
          vaults_room_door_ring, v_pattern_2, nicolae_vaults_more_shelving_2,
          layout_vaults_big_room, serial_shops,
          nicolae_shop_temple_entry_statues_fountains, uniq_donald
Vaults:4: nicolae_vaults_network_barrier, nicolae_vaults_trapezoid_3,
          grunt_vaults_hallway_short, nicolae_vaults_door_testing_chamber,
          v_misc_9, v_misc_4, nicolae_vaults_weapon_check,
          hangedman_vaults_snaps, layout_vaults_omnicross
Vaults:5: uniq_boris
Depths:1: layout_long_grid, enter_ziggurat_f, pf_hell_entry_tar_river,
          minmay_misc_feat_columns, st_stairs_5, kennysheep_generic_room_9
Depths:2: cheibrodos_birdhouse, layout_gridlike, pan_entry, hell_entry
Depths:3: minmay_the_grid_octo_triangle [minmay_the_grid_octo_empty,
          minmay_the_grid_octo_prize_square_snowflake, minmay_the_grid_octo_77],
          layout_basic, rand_demon_pan_entry_4, hell_entry, abyss_entry,
          st_stairs_14, infiniplex_staircase_hallway_doors, uniq_parghit,
          uniq_sojobo, uniq_norris
Depths:4: grunt_zot_entry_pinwheel, layout_cave_pools, hell_entry,
          serial_bayou_pond_a
Zot:1:    lemuel_firehouse, layout_cathedral_of_symmetry, gammafunk_ghost_ooze,
          hellmonk_body_bag
Zot:2:    layout_gridlike, grunt_megastairs_3
Zot:3:    layout_concentric_octagons, zot_minivault_2
Zot:4:    layout_gridlike, lemuel_elevator
Zot:5:    layout_cathedral_of_symmetry, st_stairs_6

Skill      XL: |  1  2  3  4  5  6  7  8  9 10 11 12 13 14 15 16 17 18 19 20 21 22 23 |
---------------+----------------------------------------------------------------------+-----
Fighting       | 2 3 4 5 6 7 10 12 13 16 17 18 19 20 21 22 23 | 23.9
Unarmed Combat | 4 5 6 8 9 11 13 15 16 17 18 19 20 21 22 | 22.6
Armour         | 7 8 11 12 15 18 19 20 21 22 | 22.1
Evocations     | 2 9 10 | 10.6
Dodging        | 4 9 10 11 13 14 16 | 16.1
Shapeshifting  | 8 12 13 14 15 16 | 16.7

Action                     |  1- 3 |  4- 6 |  7- 9 | 10-12 | 13-15 | 16-18 | 19-21 | 22-24 || total
---------------------------+-------+-------+-------+-------+-------+-------+-------+-------++-------
  Melee: Unarmed           |    63 |    73 |   298 |   606 |   790 |  1070 |  1037 |   592 ||  4529
         Headbutt          |    10 |    13 |    45 |   155 |   205 |   245 |   270 |   152 ||  1095
         Punch             |     1 |     2 |    12 |    53 |    97 |   106 |   135 |   107 ||   513
  Throw: Dart              |       |       |       |     8 |     7 |       |       |       ||    15
 Invoke: Serpent's Lash    |       |       |     1 |     4 |     3 |     4 |     1 |     3 ||    16
         Heavenly Storm    |       |       |       |       |       |     2 |     2 |     2 ||     6
Ability: Lunge             |       |       |    13 |    60 |    71 |   191 |   138 |    93 ||   566
         Whirlwind         |       |       |     4 |    34 |    57 |   126 |   121 |    54 ||   396
         Wall Jump         |       |       |     1 |       |     2 |     2 |       |     1 ||     6
  Evoke: Wand              |       |       |     1 |     7 |     2 |    18 |     3 |     5 ||    36
         Condenser vane    |       |       |       |       |       |       |       |     1 ||     1
    Use: Scroll            |       |     4 |     6 |    12 |     6 |    13 |     4 |    21 ||    66
         Potion            |       |     1 |     4 |     3 |     2 |     7 |     2 |     2 ||    21
   Stab: Invisible         |       |       |     1 |       |     2 |       |       |       ||     3
         Petrified         |       |       |       |       |       |     3 |       |       ||     3
 Armour: Scale mail        |    25 |    53 |       |   229 |   239 |       |       |       ||   546
         Animal skin       |     2 |       |       |       |       |       |       |       ||     2
         Chain mail        |       |    14 |   236 |   145 |       |       |       |       ||   395
         Skin              |       |     2 |       |     2 |       |       |       |       ||     4
         Plate armour      |       |       |       |       |   302 |   852 |   598 |   156 ||  1908
         Gold dragon scale |       |       |       |       |       |       |       |   194 ||   194
  Dodge: Dodged            |    36 |    46 |   110 |   174 |   256 |   602 |   335 |   242 ||  1801
         Form:             |       |       |     1 |       |       |       |       |       ||     1
         Blade             |       |       |       |       |     1 |       |       |       ||     1

Table legend: (Time is in decaauts)
 A = Elapsed time spent in this place.
 B = Non-inter-level travel time spent in this place.
 C = Inter-level travel time spent in this place.
 D = Time resting spent in this place.
 E = Time spent auto-exploring this place.
 F = Levels seen in this place.
 G = Mean time per level.
                   A        B        C        D        E       F      G
               +--------+--------+--------+--------+--------+-----+--------+
         Total |  57298 |  50399 |   6899 |   9305 |  31694 |  46 | 1245.6 |
       Dungeon |  21182 |  18119 |   3063 |   3459 |  11838 |  15 | 1412.1 |
        Temple |     20 |     20 |      0 |      0 |      0 |   1 |   20.0 |
          Lair |   8947 |   7755 |   1192 |   1100 |   5460 |   5 | 1789.4 |
        Shoals |   4262 |   4003 |    259 |    635 |   2515 |   4 | 1065.5 |
     Snake Pit |   7807 |   6995 |    812 |   1947 |   3998 |   4 | 1951.8 |
  Orcish Mines |   2595 |   2341 |    254 |    987 |    967 |   2 | 1297.5 |
        Vaults |   7690 |   6515 |   1175 |    547 |   4703 |   5 | 1538.0 |
        Depths |   2309 |   2167 |    142 |    380 |   1020 |   4 |  577.2 |
           Zot |    838 |    838 |      0 |    164 |    158 |   5 |  167.6 |
    Desolation |   1644 |   1644 |      0 |     84 |   1034 |   1 | 1644.0 |
               +--------+--------+--------+--------+--------+-----+--------+

Top non-repeatable levels by time:
    D:10: 2703 daAuts
 Snake:1: 2340 daAuts
 Snake:3: 2313 daAuts
  Lair:5: 2265 daAuts
Vaults:1: 2222 daAuts
  Lair:3: 2172 daAuts
Vaults:5: 1991 daAuts
    D:11: 1984 daAuts
    D:13: 1959 daAuts
 Snake:2: 1824 daAuts
     D:9: 1663 daAuts
Desolation: 1644 daAuts
   Orc:2: 1621 daAuts
  Lair:2: 1607 daAuts
     D:4: 1490 daAuts
